 Dungeon Crawl Stone Soup version 0.23.1-37-gaa34b87 (webtiles) character file.

Game seed: 1151631795949836145

1168 slphil the Conjurer (level 8, -16/44 HPs)
             Began as a Deep Elf Conjurer on Mar 28, 2019.
             Killed by an exploding fulminant prism (28 damage)
             ... created by the player character
             ... on level 6 of the Dungeon.
             The game lasted 00:16:35 (5987 turns).

slphil the Conjurer (Deep Elf Conjurer)             Turns: 5987, Time: 00:16:36

Health: -16/44     AC:  7    Str: 10    XL:     8   Next: 17%
Magic:  0/18       EV: 31    Int: 23    God:
Gold:   276        SH:  0    Dex: 15    Spells: 4/18 levels left

rFire    . . .     SeeInvis .   s - +2 quarterstaff (chaos)
rCold    . . .     Gourm    .   (shield currently unavailable)
rNeg     . . .     Faith    .   a - +0 robe
rPois    .         Spirit   .   B - +1 helmet
rElec    .         Reflect  .   i - +0 cloak
rCorr    +         Harm     .   (no gloves)
MR       .....                  k - +1 pair of boots
Stlth    +++.......             u - amulet of the acrobat
HPRegen  0.14/turn              j - ring of resist corrosion
MPRegen  0.16/turn              b - +5 ring of strength

@: acrobat, very slightly contaminated
A: no striking features
a: no special abilities


You were on level 6 of the Dungeon.
You were not hungry.

You visited 1 branch of the dungeon, and saw 6 of its levels.

You collected 276 gold pieces.

Inventory:

Hand Weapons
 s - a +2 quarterstaff of chaos (weapon)
Armour
 a - a +0 robe (worn)
 i - a +0 cloak (worn)
 k - a +1 pair of boots (worn)
 B - a +1 helmet (worn)
Jewellery
 b - a +5 ring of strength (right hand)
 j - a ring of resist corrosion (left hand)
 u - an amulet of the acrobat (around neck)
 C - an uncursed ring of positive energy
Wands
 t - a wand of random effects (11)
 v - a wand of iceblast (10)
Scrolls
 e - 3 scrolls of teleportation {unknown}
 g - 3 scrolls of enchant weapon {unknown}
 n - 8 scrolls of identify {unknown}
 p - a scroll of enchant armour {unknown}
 w - a scroll of remove curse {unknown}
 x - 2 scrolls of magic mapping {unknown}
 y - a scroll of fog {unknown}
 A - a scroll of blinking {unknown}
Potions
 d - a potion of mutation {unknown}
 f - 3 potions of flight {unknown}
 h - 5 potions of curing {unknown}
 l - 2 potions of might
 m - 4 potions of brilliance {unknown}
 o - a potion of heal wounds {unknown}
 q - a potion of cancellation {unknown}
 r - a potion of haste {unknown}
 z - 2 potions of ambrosia {unknown}
 D - a potion of agility {unknown}
Comestibles
 c - 10 rations


   Skills:
 - Level 2.2 Fighting
 - Level 6.2 Dodging
 - Level 4.1 Stealth
 + Level 5.9 Spellcasting
 + Level 6.5 Conjurations
 + Level 5.1 Hexes
 + Level 1.6 Translocations


You had 4 spell levels left.
You knew the following spells:

 Your Spells              Type           Power        Failure   Level  Hunger
a - Magic Dart            Conj           ####         1%          1    None
b - Searing Ray           Conj           #####.       1%          2    None
c - Dazzling Spray        Conj/Hex       ####..       2%          3    #......
d - Fulminant Prism       Conj/Hex       ####......   8%          4    ###....
e - Force Lance           Conj/Tloc      ####....     16%         4    ###....

Your spell library contained the following spells:

 Spells                   Type           Power        Failure   Level  Hunger
 Iskenderun's Mystic Bla  Conj           #####...     6%          4    ###....


Dungeon Overview and Level Annotations

Branches:
Dungeon (6/15)
 Temple: D:4-7

Altars:
Elyvilon
Okawaru
Wu Jian
Yredelemnul

Annotations:
D:6 Menkaure


Message History

Menkaure gestures wildly while chanting.
Menkaure seems to speed up.
Casting: Magic Dart (safe; 1% risk of failure)
Confirm with . or Enter, or press ? or * to list all spells.
You can't see any susceptible monsters within range! (Use Z to cast anyway.)
Casting: Magic Dart (safe; 1% risk of failure)
Confirm with . or Enter, or press ? or * to list all spells.
Aiming: Fulminant Prism (safe; 8% risk of failure)
Press: ? - help, Dir - move target cursor You conjure a prism of explosive energy!
Menkaure calls on the powers of darkness!
Your body is wracked with pain!
Your fulminant prism crackles loudly.
Menkaure gestures at you while chanting.
Pain shoots through your body!
* * * LOW HITPOINT WARNING * * *
Your fulminant prism explodes!
The blast of energy engulfs you!!
Ouch! That really hurt!
You die...

..##+#..........................
........##......................
........+........)..............
........##......................
.#.............................<
#...........^..................
...............#.###............
.......###...#.#.###............
.......+..<..#..@M..........M...
.......#######...........)......
........ ...............####..
###...... #####.......#### #..
#...........######
#..................
....................
....................
....................


You could see Menkaure.

Vanquished Creatures
  A hippogriff (D:5)
  A sky beast (D:5)
  3 ogres (D:5)
  2 scorpions
  A crimson imp (D:6)
  A quasit (D:5)
  2 hounds
  A jelly (D:5)
  2 orc priests (D:4)
  Crazy Yiuf (D:2)
  Ijyb (D:3)
  An orc wizard (D:5)
  4 worker ants
  A howler monkey zombie (D:5)
  3 adders (D:4)
  2 shadow imps (D:5)
  An ooze (D:1)
  2 adder zombies
  5 worms
  A dart slug (D:4)
  A leopard gecko (D:5)
  8 orcs
  A bat skeleton (D:2)
  2 bat zombies (D:2)
  5 giant cockroaches
  4 goblins (D:1)
  3 hobgoblins
  6 jackals
  A quokka (D:5)
  8 bats
  4 frilled lizards
  5 kobolds
  A quokka skeleton (D:2)
  4 rats
  A fulminant prism (D:5)
90 creatures vanquished.

Vanquished Creatures (others)
  12 fulminant prisms
12 creatures vanquished.

Grand Total: 102 creatures vanquished

Notes
Turn   | Place    | Note
-------+----------+-------------------------------------------
     0 | D:1      | slphil the Deep Elf Conjurer began the quest for the Orb.
     0 | D:1      | Reached XP level 1. HP: 10/10 MP: 6/6
   199 | D:1      | Reached XP level 2. HP: 15/15 MP: 4/8
   284 | D:1      | Learned a level 2 spell: Searing Ray
   916 | D:1      | Reached XP level 3. HP: 19/19 MP: 7/10
  1447 | D:2      | Learned a level 3 spell: Dazzling Spray
  1516 | D:2      | Found a runed translucent door.
  1517 | D:2      | Noticed Crazy Yiuf
  2026 | D:2      | Found an ornate altar of the Wu Jian Council.
  2032 | D:2      | Found a basalt altar of Yredelemnul.
  2035 | D:2      | Found a white marble altar of Elyvilon.
  2246 | D:2      | Killed Crazy Yiuf
  2246 | D:2      | Reached skill level 5 in Conjurations
  2246 | D:2      | Reached XP level 4. HP: 5/24 MP: 2/12
  2570 | D:3      | Noticed Ijyb
  2576 | D:3      | Killed Ijyb
  2657 | D:3      | Found an iron altar of Okawaru.
  3452 | D:4      | Reached skill level 5 in Spellcasting
  3452 | D:4      | Reached XP level 5. HP: 26/28 MP: 4/14
  3532 | D:4      | Learned a level 4 spell: Fulminant Prism
  3537 | D:4      | Learned a level 4 spell: Force Lance
  3838 | D:4      | Reached skill level 1 in Hexes
  3848 | D:4      | Reached XP level 6. HP: 32/32 MP: 7/15
  4249 | D:5      | Entered Level 5 of the Dungeon
  4555 | D:5      | Reached XP level 7. HP: 37/37 MP: 1/16
  4820 | D:5      | Reached skill level 1 in Fighting
  4820 | D:5      | Reached skill level 5 in Dodging
  5686 | D:5      | Noticed a hippogriff
  5695 | D:5      | Killed a hippogriff
  5695 | D:5      | Reached skill level 5 in Hexes
  5695 | D:5      | Reached skill level 1 in Translocations
  5695 | D:5      | Reached XP level 8. HP: 40/44 MP: 6/18
  5969 | D:6      | Noticed Menkaure
  5987 | D:6      | Killed by an exploding fulminant prism

Skill      XL: |  1  2  3  4  5  6  7 |
---------------+----------------------+-----
Stealth        | 3 4 |  4.1
Spellcasting   | 4 5 |  5.9
Conjurations   | 5 6 |  6.5
Hexes          | 1 4 5 |  5.1
Dodging        | 3 4 6 |  6.2
Fighting       | 2 |  2.2
Translocations | 1 |  1.6

Action                   |  1- 3 |  4- 6 |  7- 9 || total
-------------------------+-------+-------+-------++-------
Melee: Dagger            |     1 |       |       ||     1
       Quarterstaff      |       |    22 |     9 ||    31
 Cast: Magic Dart        |    64 |    37 |    54 ||   155
       Searing Ray       |     5 |     7 |     2 ||    14
       Dazzling Spray    |     1 |     3 |     1 ||     5
       Fulminant Prism   |       |     4 |    10 ||    14
       Force Lance       |       |       |     1 ||     1
  Use: Potion            |     1 |       |       ||     1
 Stab: Sleeping          |       |     6 |       ||     6
       Paralysed         |       |     2 |       ||     2
  Eat: Chunk             |     2 |     6 |     4 ||    12
       Ration            |       |     1 |     1 ||     2
Armor: Robe              |     3 |     6 |     4 ||    13
Dodge: Dodged            |    18 |    28 |    15 ||    61
